 Dungeon Crawl Stone Soup version 0.20-a0-1015-g2ec8a95 (webtiles) character file.

158 4thArraOfDagon the Firebug (level 5, 0/42 HPs)
             Began as a Naga Fire Elementalist on Apr 15, 2017.
             Was an Initiate of Vehumet.
             Slain by a hippogriff (8 damage)
             ... on level 7 of the Dungeon.
             The game lasted 00:06:31 (1351 turns).

4thArraOfDagon the Firebug (Naga Fire Elementalist) Turns: 1351, Time: 00:06:31

Health: 0/42       AC:  2    Str:  9 (10) XL:     5   Next: 39%
Magic:  3/9        EV: 10    Int: 14 (17) God:    Vehumet [......]
Gold:   126        SH:  0    Dex:  9 (11) Spells: 2/10 levels left

rFire    . . .     SeeInvis +   f - +2 whip (drain)
rCold    . . .     Gourm    .   (no shield)
rNeg     . . .     Faith    .   s - +0 robe (curse)
rPois    +         Spirit   .   (no helmet)
rElec    .         Reflect  .   (no cloak)
rCorr    .         Harm     +   (no gloves)
MR       .....                  (no barding)
Stlth    ++........             n - amulet of harm
Regen    0.2/turn               (no ring)
MPRegen  0.2/turn               (no ring)

@: flying, very slightly contaminated, very slow
A: see invisible, deformed body, poison resistance, slowness 2, slow metabolism
1, spit poison 1, no potion heal 1, AC +1
a: Spit Poison, Renounce Religion


You were on level 7 of the Dungeon.
You worshipped Vehumet.
Vehumet was noncommittal.
You were not hungry.

You visited 2 branches of the dungeon, and saw 7 of its levels.

You collected 126 gold pieces.

Inventory:

Hand Weapons
 d - a +0 short sword
 f - a +2 whip of draining (weapon)
Armour
 a - a +0 robe
 s - a cursed +0 robe (worn)
Jewellery
 n - an amulet of harm (around neck)
Potions
 h - a potion of brilliance {unknown}
 i - a potion of mutation {unknown}
 l - a potion of lignification {unknown}
 m - a potion of degeneration
 o - a potion of heal wounds {unknown}
Books
 b - a book of Flames

   Spells                             Type                      Level
   a - Flame Tongue                   Conjuration/Fire             1
   b - Throw Flame                    Conjuration/Fire             2
   c - Conjure Flame                  Conjuration/Fire             3
   d - Inner Flame                    Hexes/Fire                   3
   e - Sticky Flame                   Conjuration/Fire             4
   f - Fireball                       Conjuration/Fire             5
Comestibles
 c - a bread ration
 j - a meat ration


   Skills:
 - Level 1.5 Dodging
 - Level 3.0 Stealth
 + Level 3.0 Spellcasting
 * Level 2.7 Conjurations
 * Level 4.5 Fire Magic


You had 2 spell levels left.
You knew the following spells:

 Your Spells              Type           Power        Failure   Level  Hunger
a - Flame Tongue          Conj/Fire      ##...        6%          1    #......
b - Conjure Flame         Conj/Fire      ##......     17%         3    ###....
c - Sticky Flame          Conj/Fire      ##......     58%         4    #####..


Dungeon Overview and Level Annotations

Branches:
Dungeon (6/15)             Temple (1/1) D:6

Altars:
Cheibriados
Fedhas
Hepliaklqana
Qazlal
Ru
Trog
Vehumet
Xom

Annotations:
D:6 alfred1011's ghost, amateur HaHu


Innate Abilities, Weirdness & Mutations

You cannot wear boots.
Your serpentine skin is tough. (AC +1)
You have supernaturally acute eyesight. (SInv)
Armour fits poorly on your strangely shaped body.
Your system is resistant to poisons. (rPois)
You cover ground very slowly.
You have a slow metabolism.
You can spit poison.
Potions are less effective at restoring your health.


Message History

It was a potion of flight.
You feel very buoyant.
You fly up into the air.
The hippogriff bites you! The hippogriff pecks you! The hippogriff claws you!
Unknown command.
It was a potion of curing.
Your system partially rejects the healing.
You feel better. The hippogriff bites you!
* * * LOW HITPOINT WARNING * * *
The hippogriff completely misses you. The hippogriff barely misses you.
Unknown command.
Okay, then.
Okay, then.
Unknown command.
It was a potion of degeneration.
There was something very wrong with that liquid.
You feel weakened.
You feel dopey.
You feel clumsy.
The hippogriff bites you but does no damage.
The hippogriff pecks you!
You die...

. . .# # #+## . ###...##
##. ##.....## ##..
#.......## ##..#
.........####...######..
.........+......@H......
.........####...######.#
#..[....# ##..#
##.....## ##.# ##...##
#.# ##'## #.# #.# #.# #
#.##########.# #
##.##.........#


You could see a hippogriff.

Vanquished Creatures
  A sky beast (D:3)
  A gnoll (D:2)
  An adder (D:2)
  2 dart slugs
  3 leopard geckos
  2 orcs
  5 bats
  A giant cockroach (D:1)
  6 goblins
  7 hobgoblins
  6 kobolds
  A ball python (D:2)
  A frilled lizard (D:1)
  3 rats
40 creatures vanquished.

Notes
Turn   | Place    | Note
-------+----------+-------------------------------------------
     0 | D:1      | 4thArraOfDagon the Naga Fire Elementalist began the quest for the Orb.
     0 | D:1      | Reached XP level 1. HP: 15/15 MP: 3/3
   290 | D:1      | Reached XP level 2. HP: 22/22 MP: 3/5
   446 | D:2      | Reached XP level 3. HP: 28/28 MP: 2/6
   461 | D:2      | Learned a level 3 spell: Conjure Flame
   711 | D:2      | Reached skill level 4 in Fire Magic
   711 | D:2      | Reached XP level 4. HP: 32/36 MP: 7/7
   722 | D:2      | Learned a level 4 spell: Sticky Flame
   723 | D:3      | Noticed a sky beast
   731 | D:3      | Killed a sky beast
   731 | D:3      | Reached XP level 5. HP: 7/42 MP: 0/9
   735 | D:3      | Gained mutation: Potions are less effective at restoring your health. [mutagenic meat]
  1129 | D:3      | Found a faded altar of an unknown god.
  1175 | D:4      | You fall through a shaft for 2 floors!
  1195 | D:6      | Noticed alfred1011's ghost (amateur HaHu)
  1209 | D:6      | Found a staircase to the Ecumenical Temple.
  1217 | Temple   | Entered the Ecumenical Temple
  1242 | Temple   | Became a worshipper of Vehumet
  1284 | D:6      | You fall through a shaft!
  1302 | D:7      | absurd...
  1343 | D:7      | Noticed a hippogriff
  1351 | D:7      | Slain by a hippogriff

Vault maps used:
D:1:      dpeg_arrival_solitude
D:2:      first_bread, uniq_robin
D:3:      minmay_diamond_boxcup, serial_curves, eino_curves_03, eino_curves_04,
          chequers_ecumenical_altar_grove, uniq_sigmund
D:4:      serial_shops, shop, minmay_strange_pillars
D:6:      temple_green, hangedman_decor_lopped
D:7:      cheibrodos_fzero, the_bakery, grunt_qazlal_sundering
Temple:   regret_index_temple_sphere_string

Skill      XL: |  1  2  3  4  5 |
---------------+----------------+-----
Conjurations   | 2 |  2.7
Fire Magic     | 4 |  4.5
Spellcasting   | 3 |  3.0
Dodging        | |  1.5
Stealth        | |  3.0

Action                   |  1- 3 |  4- 6 || total
-------------------------+-------+-------++-------
Melee: Short sword       |     6 |       ||     6
       Whip              |    21 |     2 ||    23
 Cast: Flame Tongue      |    28 |    10 ||    38
 Abil: Spit Poison       |    23 |     7 ||    30
  Use: Scroll            |     1 |     5 ||     6
       Potion            |       |     3 ||     3
 Stab: Sleeping          |     1 |       ||     1
  Eat: Chunk             |     1 |     2 ||     3
       Bread ration      |       |     1 ||     1
Armor: Robe              |    10 |     2 ||    12
Dodge: Dodged            |    35 |    12 ||    47
